 Dungeon Crawl Stone Soup version 0.17-a0-1582-ge6b0260 (webtiles) character file.

7023 urechis the Geomancer (level 10, -6/91 HPs)
             Began as a Deep Dwarf Earth Elementalist on July 27, 2015.
             Was a High Priest of Makhleb.
             Mangled by an orc warrior
             ... wielding a +0 halberd
              (8 damage)
             ... on level 9 of the Dungeon.
             The game lasted 00:30:15 (8757 turns).

urechis the Geomancer (DDEE)                        Turns: 8757, Time: 00:30:15

Health: -6/91      AC:  8    Str: 12    XL:     10   Next: 82%
Magic:  7/15       EV: 16    Int: 22    God:    Makhleb [*****.]
Gold:   481        SH:  5    Dex: 13    Spells: 4 memorised, 1 level left

rFire  + . .     SeeInvis .     (no weapon)
rCold  + . .     Clarity  .     m - +2 robe {rC+}
rNeg   . . .     SustAt   .     u - +0 buckler
rPois  .         Gourm    .     w - +0 helmet of Inevitability {rF+}
rElec  .         Spirit   .     (no cloak)
rCorr  .         Warding  .     (no gloves)
rMut   .         Stasis   .     (no boots)
MR     +....                    (no amulet)
Stlth  ++........               y - +3 ring of intelligence
                                p - +3 ring of protection

@: non-regenerating, somewhat resistant to hostile enchantments, unstealthy
A: damage resistance, recharge devices, sense surroundings 2, slow healing 3
a: Device Recharging, Minor Destruction, Lesser Servant of Makhleb, Major
Destruction, Greater Servant of Makhleb, Renounce Religion


You were on level 9 of the Dungeon.
You worshipped Makhleb.
Makhleb was extremely pleased with you.
You were very hungry.

You visited 1 branch of the dungeon, and saw 9 of its levels.

You collected 531 gold pieces.
You spent 50 gold pieces at shops.

Inventory:

Hand weapons
 b - a +0 quarterstaff
Armour
 m - a +2 robe of cold resistance (worn)
 u - a +0 buckler (worn)
 w - the +0 helmet of Inevitability (worn) {rF+}
   (You took it off Robin on level 2 of the Dungeon)

   It protects you from fire.
Jewellery
 p - a +3 ring of protection (left hand)
 y - a +3 ring of intelligence (right hand)
Magical devices
 d - a wand of heal wounds (0)
 J - a wand of fireball (0)
Scrolls
 h - 2 scrolls of blinking
 i - 5 scrolls of teleportation
 q - 9 scrolls of identify
 t - 3 scrolls of magic mapping {unknown}
 v - 3 scrolls of enchant armour {unknown}
 C - a scroll of noise {unknown}
 D - a scroll of random uselessness {unknown}
 E - 2 scrolls of amnesia {unknown}
 F - 2 scrolls of vulnerability {unknown}
 G - 2 scrolls of fear {unknown}
 I - a scroll of immolation {unknown}
 L - 2 scrolls of remove curse
Potions
 f - 3 potions of agility {unknown}
 g - 3 potions of degeneration {unknown}
 j - a potion of magic {unknown}
 k - 3 potions of might
 o - a potion of lignification {unknown}
 r - a potion of poison {unknown}
 x - 2 potions of haste {unknown}
 z - 6 potions of curing {unknown}
 A - a potion of beneficial mutation {unknown}
 B - 4 potions of heal wounds {unknown}
 M - 4 potions of mutation {unknown}
Books
 c - a book of Geomancy

   Spells                             Type                      Level
   a - Sandblast                      Earth                        1
   b - Stoneskin                      Transmutation/Earth          2
   c - Passwall                       Transmutation/Earth          3
   d - Stone Arrow                    Conjuration/Earth            3
   e - Petrify                        Transmutation/Earth          4
   f - Lee's Rapid Deconstruction     Earth                        5
Comestibles
 e - 7 bread rations
 l - 2 meat rations
 s - 3 beef jerkies
 H - a slice of pizza
 K - 3 fruits


   Skills:
 + Level 5.8 Fighting
 + Level 2.7 Staves
 - Level 6.0 Armour
 + Level 7.3 Dodging
 - Level 2.4 Stealth
 - Level 5.0 Shields
 - Level 1.7 Spellcasting
 - Level 0.8 Transmutations
 - Level 11.6 Earth Magic
 + Level 6.8 Invocations
 + Level 6.6 Evocations


You had one spell level left.
You knew the following spells:

 Your Spells              Type           Power        Failure   Level  Hunger
a - Sandblast             Erth           ######       1%          1    #......
b - Stoneskin             Trmt/Erth      ####....     1%          2    ###....
c - Passwall              Trmt/Erth      ####......   3%          3    ###....
d - Lee's Rapid Deconstr  Erth           ######....   3%          5    ######.


Dungeon Overview and Level Annotations

Branches:
Dungeon (9/15)             Temple (0/1) D:5            Lair (0/8) D:9
    Orc (0/4) D:9

Altars:
Fedhas
Kikubaaqudgha
Makhleb
Trog
Yredelemnul
Zin
The Shining One

Shops:
D:5 *


Innate Abilities, Weirdness & Mutations

You are resistant to damage.
You can recharge devices by infusing magical energy.
You passively map the area around you.
You do not heal naturally.


Message History

Press: ? - help, Shift-Dir - straight line, f/p - orc warrior
Aim: an orc warrior, wielding a halberd and wearing a plate armour (almost dead)
The blast of sand hits the orc warrior.
The orc warrior is almost dead.
Casting: Sandblast
Confirm with . or Enter, or press ? or * to list all spells.
Aiming: Sandblast
Press: ? - help, Shift-Dir - straight line, f/p - orc warrior
Aim: an orc warrior, wielding a halberd and wearing a plate armour (almost dead)
The blast of sand hits the orc warrior.
The orc warrior is almost dead.
The orc warrior misses you.
Casting: Sandblast
Confirm with . or Enter, or press ? or * to list all spells.
Aiming: Sandblast
Press: ? - help, Shift-Dir - straight line, f/p - orc warrior
Aim: an orc warrior, wielding a halberd and wearing a plate armour (almost dead)
The blast of sand misses the orc warrior.
The orc warrior hits you from afar with a halberd!
You die...

#...#............. , ,
#...#.............## * ,,
#####...+................,*
...............>......... ,
, #######..................
* ,, #.................. ,
#.........o........
#...............# ,
#######.........@.....#, ,.
,
......................###'#
,
.......))).................
,
.......))..................
.....##'######.............
,,
.....#.......#...((........
#....#.....(.#.............
,,
##...#.......#....P........,
, ,
.#...#.......#...≈≈≈≈≈≈≈≈≈≈


You could see an orc warrior.

Vanquished Creatures
  Erolcha (D:8)
  Erica (D:8)
  The ghost of Cenon the Basher, an experienced MiFi of Dithmenos (D:6)
  Joseph (D:8)
  A troll (D:7)
  A two-headed ogre (D:8)
  Grinder (D:4)
  Prince Ribbit (D:6)
  Grum (D:8)
  4 wolves
  Menkaure (D:7)
  2 wargs (D:9)
  Edmund (D:4)
  Duvessa (D:6)
  3 ice beasts
  A black bear (D:3)
  2 ogres
  A necrophage (D:5)
  2 sky beasts
  2 centaurs
  3 phantoms
  5 giant frogs
  Blork the orc (D:4)
  2 scorpions
  Dowan (D:6)
  4 wights (D:9)
  A crimson imp (D:6)
  5 orc priests
  3 jellies
  2 orc wizards (D:9)
  2 centaur skeletons
  2 giant frog skeletons (D:8)
  3 hounds
  Natasha (thrice) (D:3)
  5 worker ants
  A worker ant zombie (D:9)
  Robin (D:2)
  7 gnolls (D:5)
  2 river rats (D:3)
  9 adders
  A shadow imp (D:7)
  4 oozes
  2 adder skeletons
  A worm (D:6)
  18 orcs
  7 giant cockroaches
  12 hobgoblins
  7 jackals
  A ball python (D:3)
  17 bats
  4 giant geckos
  3 giant newts
  19 goblins
  2 jackal skeletons
  12 kobolds
  5 quokkas
  15 rats
221 creatures vanquished.

Notes
Turn   | Place    | Note
--------------------------------------------------------------
     0 | D:1      | urechis the Deep Dwarf Earth Elementalist began the quest for the Orb.
     0 | D:1      | Reached XP level 1. HP: 15/15 MP: 3/3
   281 | D:1      | Reached XP level 2. HP: 22/22 MP: 0/4
   373 | D:1      | Reached skill level 5 in Earth Magic
  1110 | D:2      | Reached XP level 3. HP: 20/28 MP: 2/5
  1276 | D:2      | Reached skill level 6 in Earth Magic
  1293 | D:2      | Found a burning altar of Makhleb.
  1303 | D:2      | Became a worshipper of Makhleb the Destroyer
  1446 | D:2      | Noticed Robin
  1453 | D:2      | Killed Robin
  1453 | D:2      | Reached XP level 4. HP: 21/36 MP: 1/6
  1515 | D:2      | Got a polished helmet
  1632 | D:2      | Identified the +0 helmet of Inevitability {rF+} (You took it off Robin on level 2 of the Dungeon)
  2049 | D:3      | Noticed Natasha
  2069 | D:3      | Killed Natasha
  2069 | D:3      | Reached skill level 7 in Earth Magic
  2145 | D:3      | Noticed Natasha
  2151 | D:3      | Killed Natasha
  2158 | D:3      | Acquired Makhleb's first power
  2411 | D:3      | Reached XP level 5. HP: 30/42 MP: 5/7
  2470 | D:3      | Noticed Natasha
  2476 | D:3      | Killed Natasha
  2494 | D:3      | Noticed a black bear
  2505 | D:3      | Killed a black bear
  2505 | D:3      | Reached skill level 8 in Earth Magic
  2600 | D:3      | You fall through a shaft for 2 floors!
  2600 | D:5      | Entered Level 5 of the Dungeon
  2635 | D:5      | Noticed a necrophage
  2640 | D:5      | Killed a necrophage
  2640 | D:5      | Reached skill level 9 in Earth Magic
  2640 | D:5      | Reached XP level 6. HP: 32/49 MP: 4/8
  2779 | D:5      | Found a staircase to the Ecumenical Temple.
  2921 | D:5      | You fall through a shaft for 2 floors!
  3006 | D:6      | Found an ancient bone altar of Kikubaaqudgha.
  3067 | D:5      | Reached skill level 10 in Earth Magic
  3127 | D:5      | Acquired Makhleb's second power
  3195 | D:5      | Noticed a phantom
  3206 | D:5      | Killed a phantom
  3206 | D:5      | Reached XP level 7. HP: 38/55 MP: 4/9
  3249 | D:4      | Noticed Edmund
  3251 | D:4      | Found a blossoming altar of Fedhas.
  3421 | D:4      | Found a burning altar of Makhleb.
  3421 | D:4      | Noticed an Executioner
  3424 | D:4      | Noticed a smoke demon
  3433 | D:4      | Noticed Grinder
  3437 | D:4      | Killed Grinder
  3437 | D:4      | Reached skill level 11 in Earth Magic
  3532 | D:4      | Killed Edmund
  3532 | D:4      | Reached skill level 1 in Armour
  3532 | D:4      | Reached skill level 1 in Shields
  3638 | D:4      | Reached skill level 1 in Fighting
  3967 | D:4      | Got a slimy blowgun
  3968 | D:4      | Identified the +8 blowgun of Fyvvi {evade, rElec SInv} (You found it on level 4 of the Dungeon)
  3993 | D:4      | Noticed Blork the orc
  3997 | D:4      | Killed Blork the orc
  3997 | D:4      | Reached XP level 8. HP: 51/64 MP: 7/10
  5083 | D:5      | Found Mevet's Assorted Antiques.
  5108 | D:5      | Bought a scroll labeled KIATO MAAK for 25 gold pieces
  5108 | D:5      | Bought a scroll labeled NIREMY DUEGI for 25 gold pieces
  5365 | D:6      | Acquired Makhleb's third power
  5494 | D:6      | Noticed Duvessa
  5496 | D:6      | Noticed Cenon's ghost (experienced MiFi)
  5498 | D:6      | Noticed Dowan
  5504 | D:6      | Killed Cenon's ghost
  5506 | D:6      | Killed Dowan
  5506 | D:6      | Reached skill level 5 in Shields
  5520 | D:6      | Killed Duvessa
  5761 | D:6      | Gained mutation: You passively map the area around you. [Deep Dwarf growth]
  5761 | D:6      | Reached XP level 9. HP: 44/75 MP: 7/11
  5765 | D:6      | Reached skill level 1 in Invocations
  5765 | D:6      | Reached skill level 1 in Evocations
  5919 | D:6      | Noticed Prince Ribbit
  5922 | D:6      | Killed Prince Ribbit
  5922 | D:6      | Reached skill level 5 in Dodging
  6460 | D:7      | Noticed Menkaure
  6465 | D:7      | Killed Menkaure
  6561 | D:7      | Noticed a troll
  6570 | D:7      | Killed a troll
  6584 | D:7      | Reached skill level 5 in Armour
  6637 | D:7      | Acquired Makhleb's fourth power
  7118 | D:8      | Found a glowing golden altar of the Shining One.
  7164 | D:8      | Got a crystal rapier
  7169 | D:8      | Identified the +10 rapier of Coxowk {drain, Int+2} (You found it on level 8 of the Dungeon)
  7208 | D:8      | Noticed Erica
  7227 | D:8      | Killed Erica
  7227 | D:8      | Reached XP level 10. HP: 38/87 MP: 9/13
  7287 | D:8      | Found a glowing silver altar of Zin.
  7292 | D:8      | Noticed Joseph
  7298 | D:8      | Killed Joseph
  7298 | D:8      | Reached skill level 5 in Invocations
  7298 | D:8      | Reached skill level 5 in Evocations
  7794 | D:8      | Noticed Grum
  7802 | D:8      | Reached skill level 5 in Fighting
  7805 | D:8      | Reached skill level 1 in Staves
  7816 | D:8      | HP: 3/88 [centaur/arrow (6)]
  7949 | D:8      | Killed Grum
  8043 | D:8      | Noticed Erolcha
  8052 | D:8      | Killed Erolcha
  8163 | D:9      | Found a basalt altar of Yredelemnul.
  8202 | D:9      | Learned a level 2 spell: Stoneskin
  8207 | D:9      | Learned a level 3 spell: Passwall
  8213 | D:9      | Learned a level 5 spell: Lee's Rapid Deconstruction
  8269 | D:9      | Acquired Makhleb's fifth power
  8319 | D:9      | Found a bloodstained altar of Trog.
  8436 | D:9      | Found a staircase to the Lair.
  8442 | D:9      | Found a staircase to the Orcish Mines.
  8516 | D:9      | HP: 2/91 [orc warrior/halberd (27)]
  8757 | D:9      | Mangled by an orc warrior

Vault maps used:
D:1:      nicolae_arrival_washed_ashore, serial_park_tiny_1
D:2:      lemuel_round_altar, uniq_robin
D:3:      portal_sewer_entry_b, uniq_natasha
D:4:      kennysheep_mini_moat, makhleb_altar_promises_db, uniq_edmund,
          uniq_blork_the_orc, uniq_grinder
D:5:      minmay_temple_entry_junction, first_bread, serial_shops, shop
D:6:      overflow_temple_1_default, eino_tiny_chamber, uniq_prince_ribbit1,
          uniq_duvessa
D:7:      uniq_menkaure
D:8:      nicolae_overflow_crystal_walls, nicolae_overflow_hidden_temple,
          uniq_joseph, uniq_erica, uniq_grum, uniq_erolcha
D:9:      lemuel_castle_with_subvaults, vehumet_altar_wand_db,
          lemuel_round_altar, kennysheep_little_box, old_standard_altar,
          yredelemnul_altar_generic, lair_0_dummy, david_orc_3, grunt_pizzeria

Action                   |  1- 3 |  4- 6 |  7- 9 | 10-12 || total
-------------------------+-------+-------+-------+-------++-------
Melee: Mace              |    28 |    16 |       |       ||    44
 Cast: Sandblast         |    69 |    91 |   129 |   126 ||   415
       Stoneskin         |       |       |       |     1 ||     1
Evoke: Wand              |       |     1 |       |     6 ||     7
  Use: Scroll            |       |       |     4 |       ||     4
  Eat: Chunk             |     3 |     7 |    13 |     5 ||    28
       Fruit             |       |       |     1 |       ||     1
